AoeStats
← 秋秋风落叶

Arena

510127654Analyzed
4v4 RM · 4d ago on Sep 29, 2026· 46m 29s· 8 players
Game mode
Random Map
Map size
Large (8 player)
Population
200
Speed
Normal
Resources
Standard
Victory
Conquest
Starting age
Dark Age
Ending age
Imperial Age
RankedLock teamsTeams togetherTeam positionsShared explorationLock speedFull tech treeHidden civsTurbo modeCheats
Victory
Defeat
🇪🇸 Sicilians · Spain
1136
+17
🇨🇳 Italians · China
1123
+17
🇩🇪 Khmer · Germany
1115
+18
🇪🇸 Ethiopians · Spain
1086
+19
🇮🇳 Danes · India
1246
-21
🇮🇳 Romans · India
1204
-20
🇮🇳 Vietnamese · India
1172
-19
🇮🇳 Franks · India
997
-11
Mirandus
11:00 Feudal Age
14:50 Castle Age
13:06 Double-Bit Axe
13:34 Horse Collar
15:07 Wheelbarrow
15:57 Bow Saw
17:57 Wheelbarrow
17:48 Heavy Plow
18:15 Stone Mining
19:05 Fervor
19:14 Gold Mining
22:15 Gold Shaft Mining
23:45 Hand Cart
24:16 Stone Shaft Mining
26:07 Town Watch
29:37 Imperial Age
27:14 Scale Barding Armor
27:33 Ballistics
28:39 Chain Barding Armor
29:40 Bloodlines
29:35 Husbandry
30:43 Double Crossbow
30:05 Elite Ballista Elephant
31:07 Conscription
31:52 Chemistry
32:20 Plate Barding Armor
32:30 Fletching
32:47 Siege Engineers
32:39 Light Cavalry
33:30 Forging
34:35 Hussar
36:26 Fortified Wall
36:21 Bodkin Arrow
37:02 Iron Casting
37:44 Bracer
37:45 Scale Mail Armor
39:12 Onager
Lokatrox
8:08 Loom
10:23 Feudal Age
16:05 Horse Collar
18:21 Double-Bit Axe
19:41 Wheelbarrow
19:27 Arson
23:28 Castle Age
21:50 Scale Mail Armor
22:01 Forging
21:59 Fletching
22:24 Forging
22:15 Scale Mail Armor
22:34 Gold Mining
22:36 Stone Mining
24:47 Iron Casting
24:18 Squires
24:31 Heavy Plow
25:13 Bow Saw
25:21 Bodkin Arrow
35:45 Imperial Age
33:44 Hand Cart
35:00 First Crusade
35:44 Gold Shaft Mining
35:56 Stone Shaft Mining
36:11 Chain Mail Armor
35:51 Elite Serjeant
37:01 Conscription
37:45 Blast Furnace
37:33 Plate Mail Armor
37:00 Gambesons
37:33 Bracer
37:56 Ballistics
38:36 Chemistry
38:49 Crop Rotation
39:00 Arrowslits
41:02 Murder Holes
41:18 Masonry
44:13 Hoardings
43:47 Siege Engineers
44:38 Pikeman
Cloud
2:11 Loom
11:47 Feudal Age
12:14 Double-Bit Axe
12:17 Horse Collar
17:37 Castle Age
24:18 Wheelbarrow
24:37 Bow Saw
24:36 Heavy Plow
26:04 Gold Mining
28:15 Gold Shaft Mining
33:09 Imperial Age
34:02 Torsion Engines
33:26 Heavy Scorpion
35:21 Chemistry
34:28 Siege Engineers
34:53 Hand Cart
35:42 Two-Man Saw
36:42 Conscription
36:57 Ballistics
41:54 Light Cavalry
42:35 Husbandry
42:59 Scale Barding Armor
43:05 Forging
43:38 Hussar
秋秋风落叶
3:27 Loom
11:02 Feudal Age
15:25 Castle Age
13:19 Double-Bit Axe
13:20 Horse Collar
14:44 Gold Mining
15:27 Stone Mining
17:15 Bow Saw
23:07 Heavy Plow
24:07 Wheelbarrow
25:07 Fletching
28:27 Imperial Age
27:02 Ballistics
26:38 Murder Holes
26:57 Masonry
26:53 Bodkin Arrow
26:59 Padded Archer Armor
27:27 Hand Cart
26:58 Town Watch
29:21 Leather Archer Armor
29:31 Conscription
31:25 Two-Man Saw
32:18 Chemistry
31:22 Bracer
33:17 Stone Shaft Mining
34:01 Fortified Wall
34:05 Scale Barding Armor
34:12 Forging
34:47 Arrowslits
34:43 Treadmill Crane
34:38 Light Cavalry
35:28 Bloodlines
35:19 Husbandry
36:06 Caravan
35:29 Elite Genoese Crossbowman
37:36 Hoardings
37:59 Hussar
38:42 Cavalier
40:51 Silk Road
43:50 Sanctity
43:39 Guard Tower
44:20 Architecture
44:32 Chain Barding Armor
44:43 Ring Archer Armor
47:34 Plate Barding Armor
ANGELSK3956
10:32 Feudal Age
11:43 Loom
14:45 Castle Age
12:42 Double-Bit Axe
12:39 Horse Collar
15:59 Bow Saw
17:26 Wheelbarrow
22:03 Heavy Plow
23:26 Loom
23:39 Gold Mining
25:02 Hand Cart
28:42 Imperial Age
26:26 Scale Mail Armor
26:36 Forging
26:45 Town Watch
27:50 Gold Shaft Mining
26:49 Man-at-Arms
27:30 Squires
27:55 Ballistics
27:39 Stone Mining
27:58 Long Swordsman
29:16 Iron Casting
28:57 Chain Mail Armor
28:57 Fortified Wall
28:53 Heavy Scorpion
30:08 Legionary
33:13 Blast Furnace
32:45 Conscription
33:13 Crop Rotation
34:32 Chemistry
33:44 Ballistas
34:23 Capped Ram
36:33 Town Patrol
36:46 Siege Engineers
36:28 Siege Ram
41:01 Pikeman
41:30 Halberdier
Sythe
11:02 Feudal Age
16:18 Castle Age
19:48 Loom
38:30 Imperial Age
38:09 Wheelbarrow
37:58 Ballistics
37:19 Treadmill Crane
37:32 Double-Bit Axe
37:31 Horse Collar
41:12 Chemistry
41:55 Forging
41:50 Scale Barding Armor
41:51 Elite Battle Elephant
42:32 Husbandry
42:42 Bloodlines
42:45 Elite Battle Elephant
43:19 Light Cavalry
44:41 Iron Casting
44:27 Chain Barding Armor
45:41 Chemistry
ajithramsriii
12:17 Feudal Age
17:22 Castle Age
19:49 Double-Bit Axe
20:53 Bow Saw
27:39 Wheelbarrow
29:23 Fortified Wall
35:30 Forging
35:21 Scale Mail Armor
35:26 Scale Barding Armor
47:35 Imperial Age
TigerOfThanjai
10:25 Feudal Age
14:06 Castle Age
12:16 Double-Bit Axe
13:49 Horse Collar
15:22 Wheelbarrow
14:55 Loom
25:38 Masonry
28:41 Imperial Age
26:29 Hand Cart
26:00 Town Watch
26:51 Gold Mining
26:53 Stone Mining
30:04 Capped Ram
31:34 Stone Shaft Mining
31:38 Gold Shaft Mining
31:26 Forging
31:16 Scale Mail Armor
31:30 Siege Ram
33:06 Squires
33:42 Iron Casting
33:22 Chain Mail Armor
33:32 Conscription
32:34 Hamask
35:32 Blast Furnace
35:18 Elite Jomsviking
36:58 Man-at-Arms
37:24 Gambesons
37:25 Arson
38:11 Plate Mail Armor
37:30 Long Swordsman
38:20 Two-Handed Swordsman
39:40 Siege Engineers
39:04 Champion
42:26 Ballistics
42:03 Murder Holes
42:00 Fletching
42:14 Heavy Plow
42:26 Bow Saw
43:16 Hoardings
43:08 Onager
44:13 Bodkin Arrow
47:47 Chemistry
Connection lost

Rejoining the realm…

Still unreachable

The connection could not be restored.

Session expired

The server has moved on; the page needs a fresh start.